 Dungeon Crawl Stone Soup version 0.29-a0-221-gceb61267dd (webtiles) character file.

Game seed: 15401044438049274007

224 ZeroWinrate the Vandal (level 6, 0/47 HPs)
             Began as a Gnoll Wanderer on Feb 26, 2022.
             Slain by an orc
             ... wielding a +2 mace of protection
              (9 damage)
             ... on level 4 of the Dungeon.
             The game lasted 00:04:02 (3062 turns).

ZeroWinrate the Vandal (Gnoll Wanderer)             Turns: 3062, Time: 00:04:05

Health: 0/47       AC:  3    Str:  8    XL:     6   Next: 0%
Magic:  9/10       EV: 11    Int: 13    God:
Gold:   194        SH:  5    Dex: 15    Spells: 6/11 levels left

rFire   . . .      SeeInvis .   a - +0 hunting sling
rCold   . . .      Faith    .   b - +0 buckler
rNeg    . . .      Spirit   .   c - +0 robe
rPois   .          Reflect  .   (no helmet)
rElec   .          Harm     .   (no cloak)
rCorr   .          Rampage  .   g - +0 pair of gloves
Will    .....                   (no boots)
Stlth   ++........              (no amulet)
HPRegen 0.15/turn               (no ring)
MPRegen 0.12/turn               (no ring)

@: very slightly contaminated
A: fangs 1, strong nose, distributed training
a: no special abilities


You were on level 4 of the Dungeon.
You visited 1 branch of the dungeon, and saw 4 of its levels.

You collected 194 gold pieces.

Inventory:

Hand Weapons
 a - a +0 hunting sling (weapon)
Missiles
 o - a throwing net
Armour
 b - a +0 buckler (worn)
 c - a +0 robe (worn)
 g - a +0 pair of gloves (worn)
Wands
 n - a wand of flame (14)
Scrolls
 e - 2 scrolls of identify {unknown}
 f - a scroll of magic mapping {unknown}
 h - a scroll of vulnerability {unknown}
 i - a scroll of fog {unknown}
 j - a scroll of amnesia {unknown}
 m - a scroll of summoning {unknown}
Potions
 d - a potion of flight {unknown}
 k - a potion of brilliance {unknown}
 l - a potion of resistance {unknown}


   Skills:
 + Level 3.1 Fighting
 + Level 1.7 Short Blades
 + Level 1.7 Long Blades
 + Level 1.7 Axes
 + Level 1.7 Maces & Flails
 + Level 1.7 Polearms
 + Level 1.7 Staves
 + Level 6.7 Slings
 + Level 1.7 Bows
 + Level 1.7 Crossbows
 + Level 1.7 Throwing
 + Level 3.1 Armour
 + Level 1.7 Dodging
 + Level 1.7 Stealth
 + Level 3.1 Shields
 + Level 1.7 Unarmed Combat
 + Level 3.3 Spellcasting
 + Level 1.3 Conjurations
 + Level 1.3 Hexes
 + Level 5.6 Summonings
 + Level 1.3 Necromancy
 + Level 1.3 Translocations
 + Level 1.3 Transmutations
 + Level 1.3 Fire Magic
 + Level 1.3 Ice Magic
 + Level 1.3 Air Magic
 + Level 1.3 Earth Magic
 + Level 1.3 Poison Magic
 + Level 1.9 Invocations
 + Level 1.7 Evocations


You had 6 spell levels left.
You knew the following spells:

 Your Spells              Type           Power      Damage    Failure   Level
a - Summon Small Mammal   Summ           64%        N/A       3%          1
b - Animate Armour        Summ/Erth      22%        N/A       56%         4

Your spell library contained the following spells:

 Spells                   Type           Power      Damage    Failure   Level
 Confusing Touch          Hex            5%         N/A       45%         3
 Summon Lightning Spire   Summ/Air       11%        N/A       56%         4
 Yara's Violent Unravell  Hex/Tmut       2%         3d3       99%         5
 Enfeeble                 Hex            2%         N/A       100%        7


Dungeon Overview and Level Annotations

Branches:
Dungeon (4/15)
 Temple: D:4-7

Altars:
Ashenzari


Innate Abilities, Weirdness & Mutations

You have very sharp teeth.
Your uncanny sense of smell can sniff out nearby items.
Your experience applies equally to all skills.


Message History

Unknown command.
Fire: a) +0 hunting sling
Press: ? - help, Shift-Dir - straight line You shoot a sling bullet.
The sling bullet hits the orc.
The orc is heavily wounded.
The orc hits you with a +2 mace of protection!
Your rat barely misses the orc. x2
Unknown command.
Unknown command.
Fire: a) +0 hunting sling
Press: ? - help, Shift-Dir - straight line You shoot a sling bullet.
The sling bullet barely misses the orc.
The orc hits you with a +2 mace of protection.
Your rat bites the orc.
Your rat misses the orc.
The orc hits you with a +2 mace of protection!
* * * LOW HITPOINT WARNING * * *
Unknown command.
Your rat bites the orc but does no damage.
Your rat closely misses the orc.
Your rat bites the orc but does no damage.
Your rat closely misses the orc.
Your rat closely misses the orc.
Fire: a) +0 hunting sling
Press: ? - help, Shift-Dir - straight line You shoot a sling bullet.
The sling bullet closely misses the orc.
Unknown command.
Unknown command.
Okay, then.
Your rat disappears in a puff of smoke!
Your rat disappears in a puff of smoke!
The orc hits you with a +2 mace of protection!
* * * LOW HITPOINT WARNING * * *
Casting: Summon Small Mammal (safe; 3% risk of failure)
Confirm with . or Enter, or press ? or * to list all spells.
You miscast Summon Small Mammal.
You are very lightly contaminated with residual magic.
Nothing appears to happen.
The orc hits you with a +2 mace of protection!
You die...

#.##.# #.#
#..(.####†### #.##.#
#.# #.#.## #.#
#.##)####.######.#.#
#.#
#.............##.#.#
#.#
####.######.#.##.#.#
#.# #.# #........# #.#
#.########.##.### #.#
#......o.#.##.........#
########@#.##..†......#
#.#.##########.# #.#.#
#.# #...# #.# #.### #.#
#.# #.# ..# .#.# #.#.#


You could see an orc.

Vanquished Creatures
  2 hounds (D:4)
  2 adders (D:2)
  A dart slug (D:2)
  An orc (D:4)
  An endoplasm (D:4)
  3 giant cockroaches
  5 goblins
  6 hobgoblins
  2 jackals (D:4)
  4 quokkas
  2 ball pythons
  8 bats
  7 kobolds
  7 rats
51 creatures vanquished.

Vanquished Creatures (collateral kills)
  2 hounds (D:4)
  3 gnolls (D:4)
  An endoplasm (D:4)
6 creatures vanquished.

Grand Total: 57 creatures vanquished

Notes
Turn   | Place    | Note
-------+----------+-------------------------------------------
     0 | D:1      | ZeroWinrate the Gnoll Wanderer began the quest for the Orb.
     0 | D:1      | ZeroWinrate set off with the following items: a +0 hunting
                  | sling, a +0 buckler, a +0 robe; and the following spell
                  | memorised: Summon Small Mammal; and the following spells
                  | available to memorise: Animate Armour, Summon Lightning
                  | Spire
     0 | D:1      | Reached XP level 1. HP: 17/17 MP: 4/4
   190 | D:1      | Reached XP level 2. HP: 23/23 MP: 5/5
   401 | D:1      | Found a faded altar of an unknown god.
  1021 | D:2      | Reached XP level 3. HP: 26/28 MP: 7/7
  1247 | D:2      | Reached skill level 1 in Invocations
  1539 | D:2      | Reached skill level 1 in Short Blades
  1539 | D:2      | Reached skill level 1 in Long Blades
  1539 | D:2      | Reached skill level 1 in Axes
  1539 | D:2      | Reached skill level 1 in Maces & Flails
  1539 | D:2      | Reached skill level 1 in Polearms
  1539 | D:2      | Reached skill level 1 in Staves
  1539 | D:2      | Reached skill level 1 in Bows
  1539 | D:2      | Reached skill level 1 in Crossbows
  1539 | D:2      | Reached skill level 1 in Throwing
  1539 | D:2      | Reached skill level 1 in Dodging
  1539 | D:2      | Reached skill level 1 in Stealth
  1539 | D:2      | Reached skill level 1 in Unarmed Combat
  1539 | D:2      | Reached skill level 1 in Evocations
  1698 | D:3      | Found a broken altar of Ashenzari.
  1779 | D:3      | Reached XP level 4. HP: 33/34 MP: 8/8
  1894 | D:4      | Learned a level 4 spell: Animate Armour
  1916 | D:4      | Reached skill level 1 in Conjurations
  1916 | D:4      | Reached skill level 1 in Hexes
  1916 | D:4      | Reached skill level 1 in Necromancy
  1916 | D:4      | Reached skill level 1 in Translocations
  1916 | D:4      | Reached skill level 1 in Transmutations
  1916 | D:4      | Reached skill level 1 in Fire Magic
  1916 | D:4      | Reached skill level 1 in Ice Magic
  1916 | D:4      | Reached skill level 1 in Air Magic
  1916 | D:4      | Reached skill level 1 in Earth Magic
  1916 | D:4      | Reached skill level 1 in Poison Magic
  1916 | D:4      | Reached XP level 5. HP: 25/40 MP: 9/9
  2954 | D:4      | Reached XP level 6. HP: 47/47 MP: 10/10
  3062 | D:4      | Slain by an orc

Illustrated notes

Levels and vault maps discovered:
D:1:      amcnicky_arrival_underground_garden, layout_basic,
          hellmonk_ecumenical_altar_inner_sanctum, st_stairs_2,
          serial_bayou_lagoon_b
D:2:      layout_loops_ring
D:3:      layout_rooms, mainiacjoe_overflow_surrounded_room, tgw_kikubaaqudgha
D:4:      layout_loops_ring, mainiacjoe_overflow_alcove_4, grunt_decor_cap

Skill      XL: |  1  2  3  4  5 |
---------------+----------------+-----
Invocations    | 1 |  1.9
Short Blades   | 1 |  1.7
Long Blades    | 1 |  1.7
Axes           | 1 |  1.7
Maces & Flails | 1 |  1.7
Polearms       | 1 |  1.7
Staves         | 1 |  1.7
Bows           | 1 |  1.7
Crossbows      | 1 |  1.7
Throwing       | 1 |  1.7
Dodging        | 1 |  1.7
Stealth        | 1 |  1.7
Unarmed Combat | 1 |  1.7
Evocations     | 1 |  1.7
Spellcasting   | 3 |  3.3
Conjurations   | 1 |  1.3
Hexes          | 1 |  1.3
Necromancy     | 1 |  1.3
Translocations | 1 |  1.3
Transmutations | 1 |  1.3
Fire Magic     | 1 |  1.3
Ice Magic      | 1 |  1.3
Air Magic      | 1 |  1.3
Earth Magic    | 1 |  1.3
Poison Magic   | 1 |  1.3
Fighting       | 3 |  3.1
Armour         | 3 |  3.1
Shields        | 3 |  3.1
Slings         | |  6.7
Summonings     | |  5.6

Action                   |  1- 3 |  4- 6 || total
-------------------------+-------+-------++-------
 Fire: Hunting sling     |    97 |   104 ||   201
 Cast: Summon Small Mamm |       |    30 ||    30
Armor: Robe              |     7 |    17 ||    24
Dodge: Dodged            |    20 |    44 ||    64
Block: Buckler           |     8 |    29 ||    37

Table legend: (Time is in decaauts)
 A = Elapsed time spent in this place.
 B = Non-inter-level travel time spent in this place.
 C = Inter-level travel time spent in this place.
 D = Time resting spent in this place.
 E = Time spent auto-exploring this place.
 F = Levels seen in this place.
 G = Mean time per level.
                   A        B        C        D        E       F      G
               +--------+--------+--------+--------+--------+-----+--------+
         Total |   3123 |   3054 |     69 |    296 |   2194 |   4 |  780.8 |
       Dungeon |   3123 |   3054 |     69 |    296 |   2194 |   4 |  780.8 |
               +--------+--------+--------+--------+--------+-----+--------+

Top non-repeatable levels by time:
     D:4: 1192 daAuts
     D:1: 884 daAuts
     D:2: 818 daAuts
     D:3: 226 daAuts
